 Dungeon Crawl Stone Soup version 0.28-a0-1493-g08698888e4 (webtiles) character file.

Game seed: 16797153520634422779

83 bande the Covered (level 4, -3/29 HPs)
             Began as a Gargoyle Fighter on Jan 12, 2022.
             Slain by a hobgoblin (6 damage)
             ... led by Robin
             ... on level 2 of the Dungeon.
             The game lasted 00:03:07 (1823 turns).

bande the Covered (Gargoyle Fighter)                Turns: 1823, Time: 00:03:08

Health: -3/29      AC: 13    Str: 20    XL:     4   Next: 44%
Magic:  4/4        EV:  7    Int:  8    God:
Gold:   28         SH:  4    Dex: 11    Spells: 3/3 levels left

rFire   . . .      SeeInvis .   a - +0 war axe
rCold   . . .      Faith    .   c - +0 buckler
rNeg    + . .      Spirit   .   j - +0 chain mail
rPois   ∞          Reflect  .   (no helmet)
rElec   +          Harm     .   (no cloak)
rCorr   .          Rampage  .   (no gloves)
Will    .....                   (no boots)
Stlth   ..........              (no amulet)
HPRegen 0.09/turn               (no ring)
MPRegen 0.09/turn               (no ring)

@: no status effects
A: sickness immunity, AC +3, negative energy resistance 1, electricity
resistance, torment resistance 1, petrification resistance
a: no special abilities


You were on level 2 of the Dungeon.
You visited 1 branch of the dungeon, and saw 2 of its levels.

You collected 28 gold pieces.

Inventory:

Hand Weapons
 a - a +0 war axe (weapon)
Armour
 c - a +0 buckler (worn)
 j - a +0 chain mail (worn)
Jewellery
 e - a ring of wizardry
Scrolls
 h - a scroll of identify
Potions
 d - a potion of might
 g - a potion of heal wounds


   Skills:
 + Level 3.7 Fighting
 + Level 2.9 Axes
 + Level 3.9 Armour
 + Level 3.8 Shields


You had 3 spell levels left.
You didn't know any spells.
Your spell library was empty.

Dungeon Overview and Level Annotations

Branches:
Dungeon (2/15)

Altars:

Annotations:
D:2 Robin


Innate Abilities, Weirdness & Mutations

You are immune to sickness and miasma.
Your stone body is resilient. (AC +3)
You are immune to poison.
You resist negative energy. (rN+)
You are resistant to electric shocks. (rElec)
You are resistant to unholy torment.
You are immune to petrification.


Message History

Unknown command.
You hit the goblin.
You kill the goblin!
You closely miss the goblin. You hit the goblin but do no damage.
Robin throws the goblin at you!
The goblin hits you but does no damage. x2
The goblin hits you with a +0 club.
Unknown command.
You closely miss the goblin. You hit the goblin but do no damage.
You closely miss the hobgoblin. You closely miss the goblin.
You barely miss the goblin. x2; You block the goblin's attack.
The goblin barely misses you.
The goblin hits you but does no damage. x2
The goblin barely misses you. You block the hobgoblin's attack.
Robin hits you but does no damage.
The goblin hits you but does no damage. x4
Unknown command.
You miss the goblin. You hit the goblin. You barely miss the hobgoblin.
You closely miss the goblin. You hit the goblin. You closely miss the goblin.
The goblin hits you but does no damage. The hobgoblin barely misses you.
The goblin hits you with a +0 club. You block the goblin's attack.
The goblin hits you with a +0 dagger. x2
The goblin hits you but does no damage. The hobgoblin hits you.
You barely miss the goblin. You slash the goblin!
You kill the goblin!
You hit the hobgoblin. You hit the goblin. You hit the goblin but do no damage.
You barely miss the goblin.
Robin hits you from afar with a +0 spear.
The goblin hits you but does no damage. x3; The goblin closely misses you.
You block the hobgoblin's attack.
Robin hits you from afar with a +0 spear.
The goblin hits you but does no damage. The hobgoblin hits you.
* * * LOW HITPOINT WARNING * * *
The goblin hits you but does no damage.
You slash the goblin!
You kill the goblin!
You hit the goblin. x2
You kill the goblin!
You closely miss the goblin. You closely miss the hobgoblin.
You hit the hobgoblin. The goblin hits you with a +0 club.
* * * LOW HITPOINT WARNING * * *
The hobgoblin hits you.
You die...

#####**#.# *,****************
....#*,..# *,,,,......,,,,,,*
.##.#*,###****####......<,,,,,*
###.#*,,,,,,,,...#......,,,,,,*
....###########.........,,,,***
###...........#.........,,,,* *
#.#....[###.#.........,,,,*
**#.#.###†###.#gggg.....,,,,*
,,#.#.#.....#..)@)......,,,,*
*,#.#.#.###.#.#g####+###*****
*,..#.#####.###.####.#
**###......>.........#
#######..!..###### #######


You could see Robin, 2 hobgoblins and 2 goblins.

Vanquished Creatures
  A gnoll (D:1)
  3 adders (D:2)
  A worm (D:2)
  3 ball pythons
  5 bats
  2 endoplasms
  A giant cockroach (D:1)
  13 goblins
  3 hobgoblins (D:2)
  2 kobolds (D:1)
  4 quokkas
  2 frilled lizards (D:2)
  2 rats (D:2)
42 creatures vanquished.

Notes
Turn   | Place    | Note
-------+----------+-------------------------------------------
     0 | D:1      | bande the Gargoyle Fighter began the quest for the Orb.
     0 | D:1      | Reached XP level 1. HP: 14/14 MP: 1/1
    15 | D:1      | Reached XP level 2. HP: 18/19 MP: 2/2
   412 | D:1      | Found a faded altar of an unknown god.
   447 | D:1      | Reached XP level 3. HP: 23/23 MP: 3/3
  1310 | D:2      | Reached XP level 4. HP: 29/29 MP: 4/4
  1812 | D:2      | Noticed Robin
  1823 | D:2      | Slain by a hobgoblin

Illustrated notes

Levels and vault maps discovered:
D:1:      noname_arrival_rooms_in_the_neighbourhood, layout_loops_ring,
          ebering_ecumenical_altar_mist, dk_noncrumbling_4,
          minmay_stone_trees_large, glass_columns_b
D:2:      layout_basic, uniq_robin

Skill      XL: |  1  2 |
---------------+-------+-----
Axes           | 2 |  2.9
Fighting       | |  3.7
Armour         | |  3.9
Shields        | |  3.8

Action                   |  1- 3 |  4- 6 || total
-------------------------+-------+-------++-------
Melee: War axe           |    88 |    38 ||   126
  Use: Scroll            |     3 |     2 ||     5
Armor: Scale mail        |    48 |    14 ||    62
       Chain mail        |       |    34 ||    34
Dodge: Dodged            |    43 |    25 ||    68
Block: Buckler           |    23 |    10 ||    33

Table legend: (Time is in decaauts)
 A = Elapsed time spent in this place.
 B = Non-inter-level travel time spent in this place.
 C = Inter-level travel time spent in this place.
 D = Time resting spent in this place.
 E = Time spent auto-exploring this place.
 F = Levels seen in this place.
 G = Mean time per level.
                   A        B        C        D        E       F      G
               +--------+--------+--------+--------+--------+-----+--------+
         Total |   1875 |   1816 |     59 |    233 |   1270 |   2 |  937.5 |
       Dungeon |   1875 |   1816 |     59 |    233 |   1270 |   2 |  937.5 |
               +--------+--------+--------+--------+--------+-----+--------+

Top non-repeatable levels by time:
     D:2: 1020 daAuts
     D:1: 854 daAuts
